cohdb
Replays
Latest Replays
All Replays
Popular Replays
Top Player Replays
Match Explorer
How It Works
Community
CoH3 Stats
Reddit
Sign in to upload your games and track your stats! →
Sign in with Steam
Match 42639263
Unlisted
Match 42639263
Overview
Messages
Build Orders
End
Construct Weapon Support Center
M1919 Machine Gun Team
M1919 Machine Gun Team
Scout Squad
Infantry Support Center
M1919 Machine Gun Team
M3 Armored Personnel Carrier
Engineer Squad
Selects Heavy Weapons
Selects Assault Carriers
Selects Exchangeable Parts
Construct Medical Station
M3 Assault Carrier
Selects M2HB .50cal Heavy Machine Gun
Advanced Logistics
Engineer Squad
Construct Barracks
Riflemen Squad
Grenade Package
Riflemen Squad
Riflemen Squad
M1918 Browning Automatic Rifles
Survival Training
Selects M26 Pershing Heavy Tank
M26 Pershing Heavy Tank
Munitions Surplus
Construct Tank Depot
M18 Hellcat Tank Destroyer
Engineer Squad
Selects Rapid Reposition
Selects Bolstered Team Weapons
Riflemen Squad
women respecter
Tuxedo Shirt Jesus
stunta
Cpt Racks
CommieRed
Thank You Chef
0
0
Comments
sign in to comment!
No comments posted yet!